 Dungeon Crawl Stone Soup version 0.28.0-45-g0d030f2227 (webtiles) character file.

Game seed: 16523188115073986215

1929 pkoi the Zephyrmancer (level 8, -2/57 HPs)
             Began as a Demigod Air Elementalist on Apr 8, 2022.
             Slain by a water moccasin (8 damage)
             ... on level 7 of the Dungeon.
             The game lasted 00:11:12 (10923 turns).

pkoi the Zephyrmancer (Demigod Air Elementalist)   Turns: 10923, Time: 00:11:12

Health: -2/57      AC: 11    Str:  9    XL:     8   Next: 64%
Magic:  5/15       EV: 12    Int: 25    God:
Gold:   262        SH:  0    Dex: 14    Spells: 3/13 levels left

rFire   . . .      SeeInvis .   D - +3 mace (protect)
rCold   + + +      Faith    .   (no shield)
rNeg    . . .      Spirit   .   a - +0 robe
rPois   .          Reflect  .   m - +1 helmet
rElec   .          Harm     .   g - +0 cloak
rCorr   .          Rampage  .   B - +0 pair of gloves
Will    .....                   E - +0 pair of boots of Cocytus {Contam rC+++}
Stlth   ++........              b - amulet of magic regeneration
HPRegen 0.19/turn               e - +4 ring of protection
MPRegen 0.54/turn               y - ring of flight

@: flying
A: high MP 1, forlorn, divine attributes
a: no special abilities


You were on level 7 of the Dungeon.
You visited 2 branches of the dungeon, and saw 8 of its levels.

You collected 262 gold pieces.

Inventory:

Hand Weapons
 c - a +0 vorpal short sword
 q - a +1 dagger of electrocution
 D - a +3 mace of protection (weapon)
Armour
 a - a +0 robe (worn)
 g - a +0 cloak (worn)
 l - an orb of light
 m - a +1 helmet (worn)
 B - a +0 pair of gloves (worn)
 E - the +0 pair of boots of Cocytus (worn) {Contam rC+++}
   (You acquired it on level 7 of the Dungeon)

   rC:        It renders you almost immune to cold.
   Contam:    It causes magical contamination when unequipped.
Jewellery
 b - an amulet of magic regeneration (around neck)
 e - a +4 ring of protection (left hand)
 y - a ring of flight (right hand)
Wands
 k - a wand of acid (12)
 p - a wand of polymorph (14)
Scrolls
 f - a scroll of holy word
 i - a scroll of identify
 r - 2 scrolls of teleportation
Potions
 d - a potion of heal wounds
 h - 2 potions of resistance {unknown}
 j - 2 potions of invisibility {unknown}
 n - a potion of degeneration
 o - 3 potions of attraction {unknown}
 s - a potion of curing {unknown}
 t - a potion of haste
 v - a potion of magic
 x - a potion of might
 z - a potion of mutation
 A - a potion of brilliance
 C - a potion of lignification
 F - 2 potions of cancellation {unknown}


   Skills:
 - Level 1.7 Dodging
 - Level 1.7 Stealth
 - Level 3.0 Spellcasting
 - Level 0.8 Conjurations
 + Level 10.7 Air Magic


You had 3 spell levels left.
You knew the following spells:

 Your Spells              Type           Power      Damage    Failure   Level
a - Shock                 Conj/Air       100%       1d9       1%          1
b - Swiftness             Air            55%        N/A       1%          3
c - Static Discharge      Conj/Air       32%        N/A       1%          2
d - Airstrike             Air            27%        N/A       1%          4

Your spell library contained the following spells:

 Spells                   Type           Power      Damage    Failure   Level
 Sublimation of Blood     Necr           3%         N/A       16%         2
 Wereblood                Tmut           3%         N/A       16%         2
 Stone Arrow              Conj/Erth      10%        3d7       26%         3
 Animate Armour           Summ/Erth      6%         N/A       69%         4
 Summon Hydra             Summ           1%         N/A       100%        7
 Lehudib's Crystal Spear  Conj/Erth      2%         10d2      100%        8


Dungeon Overview and Level Annotations

Branches:
Dungeon (7/15)             Temple (1/1) D:4

Shops:
D:6 *


Innate Abilities, Weirdness & Mutations

You have an increased reservoir of magic. (+10% MP)
You shall have no god before yourself.
Your divine heritage dramatically boosts your attributes as you level up.


Message History

The orc warrior hits you with a +0 war axe.
* * * LOW HITPOINT WARNING * * *
Unknown command.
Casting: Shock (safe; 1% risk of failure)
Confirm with . or Enter, or press ? or * to list all spells.
Aiming: Shock (safe; 1% risk of failure)
Press: ? - help, Shift-Dir - straight line The zap hits the orc warrior.
The orc warrior is almost dead.
You feel very sick. The water moccasin closely misses you.
The orc warrior hits you with a +0 war axe!
* * * LOW HITPOINT WARNING * * *
Casting: Shock (safe; 1% risk of failure)
Confirm with . or Enter, or press ? or * to list all spells.
Aiming: Shock (safe; 1% risk of failure)
Press: ? - help, Shift-Dir - straight line The zap hits the orc warrior.
You kill the orc warrior!
You feel sick.
The water moccasin bites you but does no damage.
The water moccasin bites you.
* * * LOW HITPOINT WARNING * * *
Unknown command.
You feel sick.
Things that are here:
a +0 war axe; a +0 plate armour; a scroll of identify You feel sick.
The water moccasin bites you.
* * * LOW HITPOINT WARNING * * *
You feel sick.
You feel sick.
You feel sick.
The orc shouts!
You hear a shout!
The orc barely misses you. The water moccasin barely misses you.
You barely miss the orc.
You feel sick.
You are no longer poisoned.
The orc closely misses you.
The water moccasin bites you but does no damage.
The orc barely misses you. The water moccasin bites you!
You die...

#..#.......#..#
#...<.....[#..# .#.#
#..###+#'#.#..#
...#.# #..# #.#.#..#
..#.# #..#
###.#[#..# ..#.#
#..# #....)#..#
#.#.# #..#
#.#.#o#..# #.#.#
#.#o#..# #...#
#.#@#..#########...#
#.S..)...........#
##############...#
##..# ##.# .. )# ..
..


You could see a water moccasin, an orc wizard and an orc.

Vanquished Creatures
  2 steam dragons (D:6)
  A water moccasin (D:7)
  An orc warrior (D:7)
  An ice beast (D:7)
  3 ogres
  A centaur (D:5)
  A phantom (D:4)
  A bullfrog (D:7)
  3 scorpions
  A howler monkey (D:6)
  A centaur zombie (D:6)
  2 hounds
  A centaur skeleton (D:7)
  2 jellies (D:4)
  3 orc priests
  3 iguanas
  4 orc wizards
  A hound skeleton (D:4)
  8 adders
  A white imp (D:6)
  An ufetubus (D:4)
  3 dart slugs
  33 orcs
  12 endoplasms
  3 giant cockroaches
  8 goblins
  10 hobgoblins
  6 jackals
  3 quokkas (D:3)
  10 ball pythons
  8 bats
  5 frilled lizards
  3 kobolds
  5 rats
151 creatures vanquished.

Notes
Turn   | Place    | Note
-------+----------+-------------------------------------------
     0 | D:1      | pkoi the Demigod Air Elementalist began the quest for the
                  | Orb.
     0 | D:1      | Reached XP level 1. HP: 14/14 MP: 5/5
   617 | D:1      | Reached skill level 3 in Air Magic
   949 | D:1      | Reached XP level 2. HP: 20/20 MP: 5/7
  1223 | D:1      | You fall into a shaft and drop 1 floor!
  1682 | D:1      | Reached XP level 3. HP: 26/26 MP: 3/8
  2021 | D:2      | Reached skill level 4 in Air Magic
  3324 | D:3      | Reached XP level 4. HP: 22/33 MP: 2/9
  3478 | D:3      | Reached skill level 5 in Air Magic
  4116 | D:3      | Reached XP level 5. HP: 38/38 MP: 7/10
  4181 | D:3      | Learned a level 3 spell: Swiftness
  4184 | D:3      | Learned a level 2 spell: Static Discharge
  5584 | D:4      | Found a staircase to the Ecumenical Temple.
  5820 | Temple   | Entered the Ecumenical Temple
  5940 | D:4      | Reached skill level 6 in Air Magic
  5940 | D:4      | Reached XP level 6. HP: 43/45 MP: 4/13
  6356 | D:4      | Learned a level 4 spell: Airstrike
  6840 | D:5      | Entered Level 5 of the Dungeon
  7114 | D:5      | Reached skill level 7 in Air Magic
  7114 | D:5      | Reached XP level 7. HP: 50/50 MP: 7/14
  8238 | D:6      | Reached skill level 8 in Air Magic
  8447 | D:6      | Found Zin's Purification Station.
  9557 | D:6      | Noticed a steam dragon
  9592 | D:6      | Noticed a steam dragon
  9604 | D:6      | Killed a steam dragon
  9605 | D:6      | Reached skill level 9 in Air Magic
  9605 | D:6      | Reached XP level 8. HP: 40/57 MP: 3/15
 10240 | D:7      | Identified a scroll of acquirement
 10240 | D:7      | Acquired the +0 pair of boots of Cocytus {Contam rC+++}
 10508 | D:7      | Reached skill level 10 in Air Magic
 10923 | D:7      | Slain by a water moccasin

Illustrated notes

Levels and vault maps discovered:
D:1:      evilmike_arrival_come_back, layout_basic,
          shapermc_ecumenical_altar_venn
D:2:      layout_rooms, basic_altar, minmay_misc_feat_nine_boxes,
          minmay_door_square
D:3:      layout_loops_ring, cheibrodos_ashenzari_chains
D:4:      layout_rooms, minmay_temple_entry_slanted,
          chequers_serial_rivers_small_a, amcnicky_mini_corridor_feature,
          nicolae_figureground_sparkle
D:5:      layout_rooms, kennysheep_okawaru_gauntlet,
          mainiacjoe_overflow_tiny_flanked
D:6:      layout_cave_pods, kennysheep_mini, zin_purify
D:7:      cheibrodos_two_vegetables, layout_basic, item_on_display_a
Temple:   cyrus_temple_forest

Skill      XL: |  1  2  3  4  5  6  7  8 |
---------------+-------------------------+-----
Air Magic      | 3 4 5 6 7 9 10 | 10.7
Spellcasting   | 2 3 |  3.0
Dodging        | |  1.7
Stealth        | |  1.7
Conjurations   | |  0.8

Action                   |  1- 3 |  4- 6 |  7- 9 || total
-------------------------+-------+-------+-------++-------
Melee: Unarmed           |     9 |       |       ||     9
       Punch             |     2 |     1 |       ||     3
       Short sword       |    26 |    10 |       ||    36
       Dagger            |       |    30 |     3 ||    33
       Mace              |       |       |     6 ||     6
 Cast: Shock             |   140 |   137 |    13 ||   290
       Airstrike         |       |       |    62 ||    62
  Use: Scroll            |       |       |    16 ||    16
Armor: Robe              |    15 |    42 |    17 ||    74
Dodge: Dodged            |    31 |    74 |    24 ||   129
